Unix NetHack Version 5.0.0-0 post-release - last build May  4 2026 22:22:43 (774f63e81ad911689b3a0859ea89b322d5daca8d,branch:main).

Game began 2026-05-08 18:58:30, ended 2026-05-08 20:11:22.

Drastanta, lawful male human Archeologist

                ---                  ----
               --.-----            ---..|
              --......--          --....|
              |........-----      |.....|
              |..........|.--     |....--
              ---.--.........--   --...--
             ---------........|    |....--
            --..--   ----.|...|    ---....--
            |....|      ----..----   --...)-  #-##----..
           --...--        --.....|   --.--..--#)..#....-
           |....*---  ----|......|   |.---...|....).----
           |.......|  |..|--..----  --..  ....)..)...#-
       -----.......-- |..---.---- ---...   .........[.|
     ---.|......*...-----....--.---....     ...).....--
  ---|...*....^....>..--|.............      ...---...
 --.--..............*..||...........    . ....-- |..-
 |...................|.|--......---......*)...|  |-.|
 --.--*...---.......--)----...).|..))..)..)^..|  |..|
  --- -.--- |.......)).@0.<..........--..--.---  --.|
      ---   --....----..k........---------        ---
             ------   -------- ---
Drastanta the Field Worker  St:14 Dx:8 Co:13 In:13 Wi:18 Ch:15  Lawful
Dlvl:3  $:82 HP:0(37) Pw:18(18) AC:7  Xp:4 T:3046 

Latest messages:
 You are hit by a dagger.
 You are almost hit by a dagger.
 You hear some noises in the distance.
 "Hello, Drastanta!  I have some mail for you."
 You decipher the label on your stamped scroll.
 K - a scroll of mail.
 What do you want to read? [zAK or ?*] K
 As you read the scroll, it disappears.
 You swap places with your large cat.
 You see here a zinc wand.
 L - a zinc wand.
 You see here a yellow gem.
 You find a falling rock trap.
 You swap places with your large cat.
 You swap places with your large cat.
 You swap places with your large cat.
 You feel charismatic!
 The large cat seems quite friendly.
 You are hit by a dagger.
 You are hit by a dagger.
 You are hit by a dagger.
 The kobold lady tries to wield a broad short sword.
 The kobold lady's thonged club is welded to her hand!
 You miss the kobold lady.
 You miss the kobold lady.
 You miss the kobold lady.
 You miss the kobold lady.
 You feel more confident in your weapon skills.
 (Tip: use the #enhance command to advance them.)
 You hit the kobold lady.
 You miss the kobold lady.
 The kobold lady swings her thonged club.
 The kobold lady hits!
 You hit the kobold lady!
 The kobold lady swings her thonged club.
 The kobold lady hits!
 You miss the kobold lady.
 The kobold lady swings her thonged club.
 The kobold lady hits!
 Are you sure you want to pray? [yn] (n) y
 You begin praying to Quetzalcoatl.
 The large cat drops a dagger.
 The kobold lady swings her thonged club.
 The kobold lady hits!
 You die...
 Do you want your possessions identified? [ynq] (y) y
 Do you want to see your attributes? [ynq] (y) y
 Do you want an account of creatures vanquished? [ynaq] (y) y
 Do you want to see your conduct and achievements? [ynq] (y) y
 Do you want to see the dungeon overview? [ynq] (y) y

Inventory:
 Coins    ('$')
  $ - 82 gold pieces
 Weapons  (')')
  a - a burnt +2 bullwhip
  E - a +0 scimitar (weapon in right hand)
 Armor    ('[')
  c - an uncursed +0 fedora (being worn)
  I - an uncursed +0 pair of elven boots
  J - an uncursed +3 dwarvish cloak
  x - an uncursed +0 ring mail (being worn)
 Comestibles  ('%')
  o - an uncursed clove of garlic
  d - 3 uncursed food rations
 Scrolls  ('?')
  z - an uncursed scroll of blank paper
  A - an uncursed scroll of destroy armor
 Rings    ('=')
  v - an uncursed +1 ring of increase accuracy
 Wands    ('/')
  L - a cursed wand of digging (0:7)
  C - a wand of enlightenment (0:11)
 Tools    ('(')
  h - an empty uncursed sack
  u - an uncursed lock pick
  f - a tinning kit (0:39)
  n - an uncursed towel
 Gems/Stones  ('*')
  g - an uncursed touchstone

Drastanta the Archeologist's attributes:

Background:
 You were a Field Worker, a level 4 male human Archeologist.
 You were lawful, on a mission for Quetzalcoatl
 who was opposed by Camaxtli (neutral) and Huhetotl (chaotic).
 You were right-handed.
 You were in the Gnomish Mines, on level 3.
 You entered the dungeon 3046 turns ago.
 You had 145 experience points, 15 more were needed to attain level 5.

Basics:
 You had 0 out of 37 hit points.
 You had all 18 energy points (spell power).
 Your armor class was 7.
 Your wallet contained 82 zorkmids.
 Autopickup was off.

Final Characteristics:
 Your strength was 14 (limit:18/100).
 Your dexterity was 8 (limit:18).
 Your constitution was 13 (limit:18).
 Your intelligence was 13 (limit:18).
 Your wisdom was 18 (limit:18).
 Your charisma was 15 (limit:18).

Final Status:
 You weren't hungry.
 You were unencumbered.
 You were wielding a saber.
 You were unskilled in saber and could have enhanced that.

Final Attributes:
 You were piously aligned.
 You had automatic searching.
 You were warded.
 You were lucky.
 You are dead.

Miscellaneous:
 You didn't encounter any bones levels.
 Total elapsed playing time was 1 hour, 12 minutes and 50 seconds.

Major events:
 Turn
    1: Drastanta the lawful male human Archeologist entered the dungeon
  517: entered the Gnomish Mines
 1580: attained the rank of Field Worker (level 3)
 3046: killed by a kobold lady, while praying

You didn't know any spells.

Skills:
 Fighting Skills
   bare handed combat [Unskilled]
   two weapon combat  [Unskilled]
   riding             [Unskilled]
 Weapon Skills
   dagger             [Unskilled]
   knife              [Unskilled]
   pick-axe           [Basic]
   short sword        [Unskilled]
   saber              [Unskilled]
   club               [Unskilled]
   quarterstaff       [Unskilled]
   sling              [Unskilled]
   dart               [Unskilled]
   boomerang          [Unskilled]
   whip               [Basic]
   unicorn horn       [Unskilled]
 Spellcasting Skills
   attack spells      [Unskilled]
   healing spells     [Unskilled]
   divination spells  [Unskilled]
   matter spells      [Unskilled]

Voluntary challenges:
 Character rerolling was not enabled.
 You never genocided any monsters.
 You never polymorphed an object.
 You never changed form.
 You used no wishes.
Achievements:
 You entered the Gnomish Mines.
 You entered a shop.
 You attained the rank of Field Worker.

 The Dungeons of Doom: levels 1 to 5
    Level 1:
       Some fountains.
    Level 2:
       Stairs down to The Gnomish Mines.
    Level 3:
       A vegetarian food shop, an altar to Quetzalcoatl, many fountains.
    Level 4:
       A fountain.
    Level 5:
       Many fountains.
 The Gnomish Mines:
    Level 3: <- You were here.
       Final resting place for
          you, killed by a kobold lady, while praying.


Vanquished creatures:
  a small mimic
  a shrieker
  a gnome leader
  2 dwarves
  a kobold leader
  a rabid rat
  2 orc zombies
  a wererat
  2 iguanas
  7 coyotes
  a gas spore
  a hobbit
  3 large kobolds
  3 hobgoblins
  5 giant rats
  a brown mold
  a green mold
  2 red molds
 10 gnomes
  2 garter snakes
  a gecko
  5 jackals
  2 goblins
  a sewer rat
  4 grid bugs
  3 lichens
  a kobold zombie
  5 newts
70 creatures vanquished.

No species were genocided or became extinct.

Game over:
                       ----------
                      /          \
                     /    REST    \
                    /      IN      \
                   /     PEACE      \
                  /                  \
                  |    Drastanta     |
                  |      82 Au       |
                  |   killed by a    |
                  |   kobold lady    |
                  |                  |
                  |                  |
                  |       2026       |
                 *|     *  *  *      | *
        _________)/\\_//(\/(/\)/\//\/|_)_______

Goodbye Drastanta the Archeologist...

You died in The Gnomish Mines on dungeon level 3 with 864 points,
and 82 pieces of gold, after 3046 moves.
You were level 4 with a maximum of 37 hit points when you died.

